 Dungeon Crawl Stone Soup version 0.21.0-22-g11d5b52 (webtiles) character file.

171187 Gorglomux the Severer (level 17, -6/161 HPs)
             Began as a Minotaur Wanderer on Jan 18, 2018.
             Was the Champion of Okawaru.
             Mangled by a merfolk impaler
             ... wielding a +0 trident of piercing
              (12 damage)
             ... on level 1 of the Shoals.
             The game lasted 00:25:27 (25187 turns).

Gorglomux the Severer (Minotaur Wanderer)          Turns: 25187, Time: 00:25:28

Health: -6/161     AC: 29    Str: 22    XL:     17   Next: 13%
Magic:  15/22      EV: 13    Int: 13    God:    Okawaru [******]
Gold:   711        SH:  3    Dex:  9    Spells: 16/16 levels left

rFire    + + +     SeeInvis +   l - +7 battleaxe "Aramiepe" {god gift, vamp, rF+ rC+ rN+ Dex-2}
rCold    + . .     Gourm    .   (shield currently unavailable)
rNeg     + . .     Faith    .   K - +4 plate armour {rF+} {god gift}
rPois    .         Spirit   .   k - +1 hat {Int+3} {god gift}
rElec    .         Reflect  +   Z - scarf {repulsion} {god gift}
rCorr    .         Harm     .   C - +2 pair of gloves
MR       +....                  N - +2 pair of boots
Stlth    ..........             F - +3 amulet of reflection
HPRegen  0.36/turn              s - ring of see invisible
MPRegen  0.18/turn              f - ring of protection from fire

@: finesse, slowed, repel missiles, very slow
A: retaliatory headbutt, horns 2
}: 1/15 runes: serpentine
a: Heroism, Finesse, Renounce Religion


You were on level 1 of the Shoals.
You worshipped Okawaru.
Okawaru was exalted by your worship.
You were not hungry.

You visited 5 branches of the dungeon, and saw 27 of its levels.
You also visited: Labyrinth.

You collected 1676 gold pieces.
You spent 965 gold pieces at shops.

Inventory:

Hand Weapons
 l - the +7 battleaxe "Aramiepe" (weapon) {god gift, vamp, rF+ rC+ rN+ Dex-2}
   (Okawaru gifted it to you on level 6 of the Lair of Beasts)

   It inflicts no extra harm, but heals its wielder when it wounds a living foe.
   It affects your dexterity (-2).
   It protects you from fire.
   It protects you from cold.
   It protects you from negative energy.
 X - a +0 broad axe of flaming
Armour
 k - a +1 hat of intelligence (worn) {god gift}
 n - a +0 shield
 C - a +2 pair of gloves (worn)
 K - a +4 plate armour of fire resistance (worn) {god gift}
 N - a +2 pair of boots (worn)
 Z - a scarf of repulsion (worn) {god gift}
Jewellery
 f - a ring of protection from fire (right hand)
 g - an uncursed ring of resist corrosion
 s - a ring of see invisible (left hand)
 F - a +3 amulet of reflection (around neck)
Wands
 A - a wand of acid (26)
 E - a wand of enslavement (24)
 I - a wand of iceblast (28)
 P - a wand of paralysis (15)
Scrolls
 t - a scroll of holy word {unknown}
 u - 2 scrolls of enchant armour
 v - 9 scrolls of remove curse
 w - 2 scrolls of fear
 x - 2 scrolls of enchant weapon
 B - 8 scrolls of blinking
 M - 5 scrolls of magic mapping
 R - 3 scrolls of identify
 T - 6 scrolls of teleportation
Potions
 p - a potion of invisibility
 q - a potion of berserk rage
 r - 3 potions of mutation
 z - a potion of brilliance
 G - 5 potions of heal wounds
 H - 2 potions of magic
 J - 2 potions of agility
 L - 6 potions of cancellation
 O - 5 potions of might
 Q - 7 potions of curing
 S - 4 potions of lignification
 U - 2 potions of resistance
 V - 3 potions of haste
 W - 9 potions of flight
Books
 h - a book of Battle

   Spells                             Type                      Level
   a - Infusion                       Charms                       1
   b - Shroud of Golubria             Charms/Translocation         2
   c - Song of Slaying                Charms                       2
   d - Spectral Weapon                Hexes/Charms                 3
   e - Regeneration                   Charms/Necromancy            3
 m - a Young Poisoner's Handbook

   Spells                             Type                      Level
   a - Sting                          Conjuration/Poison           1
   b - Poisonous Vapours              Poison/Air                   2
   c - Mephitic Cloud                 Conjuration/Poison/Air       3
   d - Olgreb's Toxic Radiance        Poison                       4
   e - Venom Bolt                     Conjuration/Poison           5
Miscellaneous
 D - a fan of gales
 Y - a lamp of fire
Comestibles
 y - 42 rations


   Skills:
 + Level 17.2 Fighting
 + Level 18.1(18.2) Axes
   Level 2.4(12.5) Maces & Flails
 - Level 1.0 Throwing
 + Level 16.1 Armour
 + Level 14.9 Dodging
 - Level 5.3 Stealth
 - Level 9.0 Invocations
 - Level 6.0 Evocations


You had 16 spell levels left.
You didn't know any spells.

Dungeon Overview and Level Annotations

Branches:
Dungeon (15/15)            Temple (1/1) D:5            Lair (6/6) D:11
 Shoals (1/4) Lair:3        Snake (4/4) Lair:4        Slime (0/5) Lair:5
    Orc (0/2) D:12         Vaults (0/5) D:13         Depths (0/5) D:15

Altars:
Ashenzari
Cheibriados
Dithmenos
Elyvilon
Fedhas
Gozag
Hepliaklqana
Makhleb
Nemelex Xobeh
Okawaru
Qazlal
Ru
Trog
Uskayaw
Wu Jian
Xom
Yredelemnul
Zin
The Shining One
Jiyva

Shops:
D:9 *   D:12 !   D:14 %   Snake:4 }=}

Annotations:
D:9 4 exclusions
Lair:3 exclusion: oklob plant


Innate Abilities, Weirdness & Mutations

You reflexively headbutt those who attack you in melee.
You have a pair of horns on your head.


Message History

The merfolk impaler closely misses you!
Unknown command!
Your unstable footing causes you to fumble your attack!
The water butt touches you!
The butt nymph drowns butt!!! * * * don't die
* * * The merfolk impaler hits you butt butt with a trident of piercing! * * * don't die * * * x2
Unknown command!
You feel much better! The faun misses you!
The faun hits you with an uncursed club! * * * don't die
* * * The merfolk impaler hits you from afar with a trident of piercing!!! * * * butt't die * * *; * * * don't die
* * * The water nymph touches you!
The water nymph drowns you!!! * * * don't die
* * * The faun hits you but does no damage!
The faun hits you with an uncursed club! * * * don't die
* * * The merfolk impaler hits you from afar with a trident of piercing!!! rip

≈≈≈≈≈≈≈≈≈≈≈≈≈..#
≈≈≈.≈≈≈≈..≈≈≈..##
≈≈..P≈≈≈P...≈≈≈.###.
.≈...≈≈P≈..<)≈.......
.≈....≈.)....≈≈≈.....
.....≈≈...)(.÷≈≈≈..≈≈
.≈≈(≈≈....###(..≈≈≈≈≈
....≈.....# #(...≈≈≈≈
........≈@##......≈≈≈
≈....≈.)cm)..#....≈≈≈
≈≈≈≈....cm≈..##>..≈≈≈
≈≈≈≈≈≈.=.........≈≈≈≈
≈≈≈.≈≈≈.........≈≈≈≈≈
...≈≈≈≈≈..≈.##..≈.
≈.≈≈≈≈≈≈....# #...
...≈≈≈≈.....# ..≈
≈...≈≈≈≈..... .≈


You could see a merfolk impaler, 2 fauns and a water nymph.

Vanquished Creatures
  Gastronok (D:8)
  6 nagarajas (Snake:4)
  Aizul (Snake:4)
  Azrael (D:13)
  A fire dragon (D:15)
  A minotaur (Lab)
  11 naga warriors
  6 hydras
  2 vault guards (D:13)
  A catoblepas (D:14)
  6 two-headed ogres
  2 centaur warriors
  A merfolk aquamancer (Shoals:1)
  4 death yaks
  17 anacondas
  6 shock serpents
  The ghost of Gorglomux the Fighter, a novice MiWn of Makhleb (D:8)
  13 naga sharpshooters
  7 salamander mystics
  4 unseen horrors
  5 naga ritualists
  5 lindwurms
  A wizard (D:13)
  2 necromancers
  13 mana vipers
  4 deep elf magi
  14 ugly things
  8 salamanders
  2 fauns (Shoals:1)
  2 cyclopes (D:12)
  4 manticores
  2 slime creatures (D:13)
  A centaur zombie (D:15)
  28 black mambas
  6 guardian serpents
  2 merfolk sirens
  12 elephants
  20 naga magi
  13 spiny frogs
  3 rime drakes
  A gargoyle (D:13)
  A kobold demonologist (D:15)
  4 komodo dragons
  An efreet (D:15)
  A yaktaur (D:13)
  A harpy zombie (D:15)
  3 meliai (D:12)
  A merfolk (Shoals:1)
  A tengu conjurer (D:14)
  5 polar bears
  A troll (D:13)
  4 dream sheep (Lair:6)
  7 hornets
  A meliai zombie (D:12)
  5 blink frogs (Lair:3)
  9 hippogriffs
  33 yaks
  2 wyverns
  19 humans (D:13)
  4 water elementals (Shoals:1)
  4 wraiths
  A basilisk (Lair:5)
  2 fire elementals (D:13)
  13 spriggans
  Eustachio (D:4)
  2 hungry ghosts
  A steam dragon (D:13)
  4 vampire mosquitoes
  The ghost of Sharkov the Chiller, an amateur MfIE (D:4)
  31 nagas
  An acid dragon (D:13)
  3 hell hounds (D:13)
  11 porcupines
  10 water moccasins
  9 black bears
  3 sky beasts
  8 orc warriors
  A necrophage (D:7)
  9 ogres
  2 ice beasts (D:8)
  14 centaurs
  4 phantoms
  5 boggarts (Lair:6)
  34 wolves
  10 crocodiles
  5 big kobolds
  28 bullfrogs
  A wyvern zombie (D:10)
  7 scorpions
  12 killer bees
  16 wights
  7 howler monkeys
  2 electric eels (Lair:1)
  10 crimson imps
  2 quasits
  6 hounds
  5 orc priests
  2 jellies
  2 bullfrog skeletons
  6 centaur skeletons
  3 iguanas
  11 orc wizards
  10 worker ants
  A hound zombie (D:6)
  A hound skeleton (D:6)
  A howler monkey zombie (D:8)
  2 worker ant zombies
  5 adders
  4 shadow imps
  2 oozes
  An adder zombie (D:6)
  3 worms
  A dart slug (D:4)
  6 leopard geckos
  30 orcs
  A bat (D:1)
  8 giant cockroaches
  4 goblins
  2 hobgoblins (D:1)
  10 jackals
  2 quokkas
  6 frilled lizards
  A jackal skeleton (D:6)
  30 kobolds
  A rat (D:1)
  5 fungi
  3 plants
792 creatures vanquished.

Vanquished Creatures (others)
  Nessos (D:12)
  A naga sharpshooter (Snake:4)
  A naga mage (D:15)
  A centaur (D:12)
  A jelly (D:13)
  24 fungi
  4 plants
33 creatures vanquished.

Grand Total: 825 creatures vanquished

Notes
Turn   | Place    | Note
-------+----------+-------------------------------------------
     0 | D:1      | Gorglomux the Minotaur Wanderer began the quest for the Orb.
     0 | D:1      | Gorglomux set off with: a +2 mace, a +0 shortbow, 22 arrows, a +0 robe, a ration, a potion of curing
     0 | D:1      | Reached XP level 1. HP: 26/26 MP: 0/0
   135 | D:1      | Reached skill level 1 in Armour
   135 | D:1      | Reached XP level 2. HP: 21/34 MP: 1/1
   215 | D:1      | Reached skill level 1 in Dodging
  1657 | D:3      | Found a faded altar of an unknown god.
  1730 | D:3      | Reached XP level 3. HP: 39/39 MP: 2/2
  2139 | D:4      | Noticed Sharkov's ghost (amateur MfIE)
  2168 | D:4      | HP: 1/39 [Sharkov's ghost/puff of frost (10)]
  2550 | D:4      | Reached XP level 4. HP: 20/48 MP: 3/3
  2817 | D:4      | Killed Sharkov's ghost
  2817 | D:4      | Reached skill level 3 in Armour
  2817 | D:4      | Reached skill level 3 in Dodging
  2817 | D:4      | Reached XP level 5. HP: 43/53 MP: 4/4
  3020 | D:4      | Noticed Eustachio
  3036 | D:4      | Killed Eustachio
  3036 | D:4      | Reached XP level 6. HP: 14/62 MP: 5/5
  3407 | D:5      | Entered Level 5 of the Dungeon
  3452 | D:5      | Found a staircase to the Ecumenical Temple.
  3499 | Temple   | Entered the Ecumenical Temple
  3581 | Temple   | Became a worshipper of Warmaster Okawaru
  3795 | D:5      | Found a burning altar of Makhleb.
  3795 | D:5      | Found a bloodstained altar of Trog.
  3795 | D:5      | Found a sparkling altar of Nemelex Xobeh.
  4019 | D:5      | Found a snail-covered altar of Cheibriados.
  4232 | D:6      | Reached XP level 7. HP: 48/69 MP: 6/6
  4343 | D:6      | Reached skill level 9 in Fighting
  4917 | D:6      | Reached skill level 6 in Armour
  5047 | D:6      | Reached * piety under Okawaru
  5131 | D:6      | Reached XP level 8. HP: 75/79 MP: 7/7
  5351 | D:7      | Noticed a hippogriff
  5353 | D:7      | Reached skill level 6 in Dodging
  5359 | D:7      | Killed a hippogriff
  5376 | D:7      | Reached ** piety under Okawaru
  5449 | D:7      | Found a stormy altar of Qazlal.
  5527 | D:7      | Reached XP level 9. HP: 48/86 MP: 8/8
  5530 | D:7      | Reached *** piety under Okawaru
  5788 | D:8      | Reached skill level 1 in Axes
  5867 | D:8      | Reached skill level 1 in Invocations
  5876 | D:8      | Noticed Gorglomux's ghost (novice MiWn)
  5881 | D:8      | Reached skill level 2 in Axes
  5901 | D:8      | Killed Gorglomux's ghost
  5901 | D:8      | Reached skill level 4 in Axes
  5901 | D:8      | Reached skill level 3 in Invocations
  6094 | D:8      | Reached **** piety under Okawaru
  6094 | D:8      | Reached skill level 5 in Axes
  6171 | D:8      | Reached skill level 6 in Axes
  6177 | D:8      | Noticed Gastronok
  6198 | D:8      | Reached skill level 7 in Axes
  6510 | D:8      | Reached XP level 10. HP: 55/95 MP: 11/11
  6662 | D:8      | Noticed a two-headed ogre
  6994 | D:8      | Reached skill level 8 in Axes
  7378 | D:8      | Killed a two-headed ogre
  7378 | D:8      | Reached skill level 9 in Axes
  7526 | D:8      | Killed Gastronok
  7526 | D:8      | Reached ***** piety under Okawaru
  7526 | D:8      | Reached skill level 12 in Axes
  7541 | D:9      | Found Ikkej's General Store.
  7662 | D:9      | Noticed a two-headed ogre
  7677 | D:9      | Killed a two-headed ogre
  7849 | D:9      | Reached XP level 11. HP: 73/102 MP: 12/12
  8043 | D:9      | Reached skill level 13 in Axes
  8286 | D:9      | Bought a scroll of teleportation for 48 gold pieces
  8286 | D:9      | Bought a potion of might for 64 gold pieces
  8286 | D:9      | Bought a scroll of teleportation for 48 gold pieces
  8286 | D:9      | Bought a wand of iceblast (6) for 160 gold pieces
  8531 | D:10     | Entered Level 10 of the Dungeon
  8634 | D:10     | Received a gift from Okawaru
  8677 | D:10     | Got a pair of encrusted boots {god gift}
  8879 | D:10     | Killed an unseen horror
  8925 | D:10     | Reached skill level 14 in Axes
  9491 | D:11     | Identified the +0 pair of boots of the Blacksmith {god gift, Dex+4} (Okawaru gifted it to you on level 10 of the Dungeon)
  9571 | D:11     | Noticed a two-headed ogre
  9580 | D:11     | Killed a two-headed ogre
  9580 | D:11     | Reached skill level 15 in Axes
  9639 | D:11     | Noticed a six-headed hydra
  9658 | D:11     | Killed an unseen horror
  9789 | D:11     | Killed a six-headed hydra
  9795 | D:11     | Found a staircase to the Lair.
  9931 | D:11     | Killed an unseen horror
  9931 | D:11     | Reached skill level 16 in Axes
 10252 | D:11     | Noticed a purple ugly thing
 10262 | D:11     | Killed a purple ugly thing
 10328 | D:11     | Reached XP level 12. HP: 110/110 MP: 13/13
 10609 | Lair:1   | Entered Level 1 of the Lair of Beasts
 10775 | Lair:1   | Reached skill level 17 in Axes
 11487 | Lair:2   | Reached ****** piety under Okawaru
 11490 | Lair:2   | Noticed an eight-headed hydra
 11495 | Lair:2   | Received a gift from Okawaru
 11505 | Lair:2   | Killed a nine-headed hydra
 11509 | Lair:2   | Found a labyrinth entrance.
 11518 | Lab      | Entered a labyrinth
 11891 | Lab      | Noticed a minotaur
 11902 | Lab      | Killed a minotaur
 11971 | Lair:2   | Reached skill level 1 in Stealth
 12565 | Lair:2   | Reached skill level 3 in Evocations
 13017 | Lair:3   | Reached skill level 3 in Stealth
 13798 | Lair:3   | Reached skill level 6 in Invocations
 13798 | Lair:3   | Reached XP level 13. HP: 96/116 MP: 16/16
 13820 | Lair:3   | Found a staircase to the Shoals.
 14180 | Lair:4   | Received a gift from Okawaru
 14299 | Lair:4   | Found a staircase to the Snake Pit.
 15854 | Lair:5   | Reached skill level 6 in Evocations
 16062 | Lair:5   | Found a viscous altar of Jiyva.
 16062 | Lair:5   | Found a staircase to the Slime Pits.
 16325 | Lair:6   | Entered Level 6 of the Lair of Beasts
 16426 | Lair:6   | Reached skill level 9 in Invocations
 16559 | Lair:6   | Received a gift from Okawaru
 16989 | Lair:6   | Received a gift from Okawaru
 17007 | Lair:6   | Got a brightly glowing battleaxe {god gift}
 17057 | Lair:6   | Identified the +7 battleaxe "Aramiepe" {god gift, vamp, rF+ rC+ rN+ Dex-2} (Okawaru gifted it to you on level 6 of the Lair of Beasts)
 17062 | Lair:6   | Reached skill level 9 in Armour
 17335 | Lair:6   | Received a gift from Okawaru
 17340 | Lair:6   | Reached XP level 14. HP: 65/125 MP: 19/19
 17481 | Lair:6   | Reached skill level 9 in Dodging
 17505 | Lair:6   | Reached skill level 12 in Fighting
 18461 | D:12     | Found a staircase to the Orcish Mines.
 18516 | D:12     | Noticed Nessos
 18532 | D:12     | Killed Nessos
 18703 | D:12     | Found Qeruboy's Distillery.
 18711 | D:12     | Bought a potion of heal wounds for 75 gold pieces
 18711 | D:12     | Bought a potion of mutation for 120 gold pieces
 18711 | D:12     | Bought a potion of might for 60 gold pieces
 18711 | D:12     | Bought a potion of berserk rage for 75 gold pieces
 18711 | D:12     | Bought a potion of resistance for 150 gold pieces
 18711 | D:12     | Bought a potion of invisibility for 120 gold pieces
 18711 | D:12     | Bought a potion of curing for 45 gold pieces
 19158 | D:13     | Noticed Azrael
 19166 | D:13     | Killed Azrael
 19403 | D:13     | Received a gift from Okawaru
 19497 | D:13     | Found a gate to the Vaults.
 19852 | D:14     | Reached skill level 12 in Armour
 19974 | D:14     | Found Ecriut's Food Emporium.
 20077 | D:15     | Entered Level 15 of the Dungeon
 20093 | D:15     | Reached XP level 15. HP: 137/137 MP: 14/20
 20279 | D:15     | Found an opulent altar of Gozag.
 20693 | D:15     | Found a staircase to the Depths.
 20902 | Snake:1  | Entered Level 1 of the Snake Pit
 20939 | Snake:1  | Received a gift from Okawaru
 21054 | Snake:1  | Reached skill level 12 in Dodging
 21121 | Snake:1  | Received a gift from Okawaru
 21677 | Snake:2  | Reached skill level 15 in Fighting
 22145 | Snake:3  | Received a gift from Okawaru
 22246 | Snake:3  | Reached XP level 16. HP: 104/149 MP: 21/21
 22908 | Snake:4  | Entered Level 4 of the Snake Pit
 22962 | Snake:4  | Noticed Aizul
 22977 | Snake:4  | Killed Aizul
 23029 | Snake:4  | Found Quudgh's Gadget Emporium.
 23029 | Snake:4  | Found Jiuzabij's Jewellery Boutique.
 23030 | Snake:4  | Found Feunoz's Gadget Emporium.
 23103 | Snake:4  | Received a gift from Okawaru
 23674 | Snake:4  | Reached skill level 15 in Armour
 24730 | Snake:4  | Reached skill level 18 in Axes
 24733 | Snake:4  | Received a gift from Okawaru
 24746 | Snake:4  | Reached XP level 17. HP: 136/161 MP: 19/22
 24814 | Snake:4  | Got a serpentine rune of Zot
 25085 | Shoals:1 | Entered Level 1 of the Shoals
 25187 | Shoals:1 | HP: 6/161 [faun/uncursed club (5)]
 25187 | Shoals:1 | Mangled by a merfolk impaler

Skill      XL: |  1  2  3  4  5  6  7  8  9 10 11 12 13 14 15 16 17 |
---------------+----------------------------------------------------+-----
Armour         | 1 2 3 4 5 6 8 9 12 14 15 16 | 16.1
Dodging        | 1 2 3 4 5 7 8 11 13 14 | 14.9
Fighting       | 8 9 10 11 13 15 17 | 17.2
Axes           | 7 12 16 17 18 | 18.1
Invocations    | 3 6 9 |  9.0
Stealth        | 4 5 |  5.3
Evocations     | 4 6 |  6.0
Maces & Flails | |  2.4
Throwing       | |  1.0

Action                   |  1- 3 |  4- 6 |  7- 9 | 10-12 | 13-15 | 16-18 || total
-------------------------+-------+-------+-------+-------+-------+-------++-------
Melee: Mace              |    62 |       |       |       |       |       ||    62
       Headbutt          |    12 |     9 |    64 |   159 |   212 |    90 ||   546
       War axe           |    33 |    58 |   244 |   680 |   338 |       ||  1353
       Punch             |       |       |     1 |     7 |     7 |       ||    15
       Dagger            |       |       |       |    14 |       |       ||    14
       Battleaxe         |       |       |       |       |   858 |   469 ||  1327
Invok: Heroism           |       |       |     3 |    18 |    21 |     4 ||    46
       Finesse           |       |       |       |     1 |     9 |     9 ||    19
Evoke: Wand              |       |       |     2 |     1 |     7 |       ||    10
       Fan of gales      |       |       |       |     1 |     1 |       ||     2
       Lamp of fire      |       |       |       |       |       |     1 ||     1
  Use: Scroll            |     2 |     2 |     7 |    14 |    11 |       ||    36
       Potion            |       |     2 |     3 |       |       |     3 ||     8
  Eat: Chunk             |     4 |     6 |     7 |    22 |    26 |    10 ||    75
       Ration            |       |       |     1 |     1 |     2 |       ||     4
Armor: Robe              |     4 |       |       |       |       |       ||     4
       Chain mail        |    40 |    70 |   187 |    31 |       |       ||   328
       Plate armour      |       |       |       |   458 |   787 |   246 ||  1491
Dodge: Dodged            |    45 |    47 |   157 |   366 |   584 |   249 ||  1448
       Deflected         |       |       |       |       |    44 |    67 ||   111
Block: Other             |       |     7 |    37 |    88 |   173 |    57 ||   362
       Reflection        |       |       |     1 |     3 |    15 |     4 ||    23
